[Event "42nd Olympiad Baku 2016 Women"]
[Site "Baku"]
[Date "2016.09.02"]
[Round "1.10"]
[White "Faqeeh, Rahaf"]
[Black "Heredia Serrano, Carla"]
[Result "0-1"]
[ECO "A22"]
[WhiteElo "1450"]
[BlackElo "2075"]
[PlyCount "86"]
[EventDate "2016.??.??"]
[EventCountry "AZE"]
[WhiteTeam "Palästina"]
[BlackTeam "Equador"]
[WhiteTeamCountry "PLE"]
[BlackTeamCountry "ECU"]
[TimeControl "40/5400+30:1800+30"]
[WhiteClock "1:03:51"]
[BlackClock "0:31:50"]

1. c4 {(00:00} e5 {(00:00} 2. g3 {(00:00} Nf6 {(
00:00} 3. Nc3 {(00:07} Bb4 {(01:40} 4. Bg2 {(00:46}
O-O {(00:50} 5. d3 {(01:43} h6 {(00:37} 6. Nf3 {
(01:03} e4 {(01:49} 7. Nd2 {(01:00} exd3 {(00:
24} 8. exd3 {(01:23} Bxc3 {(01:29} 9. bxc3 {(00:22}
Re8+ {(00:02} 10. Ne4 {(03:37} Nxe4 {(00:17} 11. dxe4 {
(00:11} Nc6 {(01:55} 12. O-O {(00:31} d6 {(07:
53} 13. Be3 {(00:45} Qe7 {(02:21} 14. Rb1 {(04:03} Rb8
{(01:37} 15. f4 {(02:42} Bf5 {(13:16} 16. Re1 {(
06:03} Bxe4 {(07:23} 17. Bxa7 {(08:09} Nxa7 {(00:23}
18. Bxe4 {(00:16} Kf8 {(13:51} 19. Qd3 {(11:40} Qf6 {
(26:30} 20. a4 {(08:07} c6 {(06:41} 21. a5 {(07:
56} Rbd8 {(03:00} 22. Qd4 {(03:01} Qxd4+ {(01:28} 23.
cxd4 {(00:10} Re7 {(01:37} 24. Kf2 {(00:55} Rde8 {
(03:49} 25. Bf5 {(02:34} Rxe1 {(01:05} 26. Rxe1 {
(00:15} Rxe1 {(00:26} 27. Kxe1 {(00:03} Ke7 {(
00:03} 28. Kd2 {(00:35} g6 {(01:11} 29. Be4 {(00:57}
Kd7 {(02:07} 30. g4 {(01:04} Nc8 {(00:34} 31. h4 {
(00:20} Ne7 {(00:26} 32. Kc3 {(01:28} Ke6 {(00:
12} 33. d5+ {(01:22} Kd7 {(00:47} 34. dxc6+ {(00:46}
Nxc6 {(00:36} 35. Bxc6+ {(00:44} Kxc6 {(00:18} 36. Kd4
{(00:19} f6 {(00:43} 37. g5 {(00:52} fxg5 {(00:
26} 38. h5 {(00:42} gxh5 {(00:16} 39. f5 {(00:18} h4 {
(00:48} 40. f6 {(00:00} Kd7 {(00:00} 41. c5 {(
00:34} dxc5+ {(00:29} 42. Kxc5 {(00:09} h3 {(00:16}
43. Kb6 {(00:07} h2 {(00:05} 0-1

[Event "42nd Olympiad Baku 2016 Women"]
[Site "Baku"]
[Date "2016.09.02"]
[Round "1.26"]
[White "Farrugia, Jamie"]
[Black "Vrbova, Niki"]
[Result "0-1"]
[ECO "B22"]
[WhiteElo "1617"]
[BlackElo "2186"]
[PlyCount "104"]
[EventDate "2016.??.??"]
[EventCountry "AZE"]
[WhiteTeam "Malta"]
[BlackTeam "Slowakei"]
[WhiteTeamCountry "MLT"]
[BlackTeamCountry "SVK"]
[TimeControl "40/5400+30:1800+30"]
[WhiteClock "0:07:44"]
[BlackClock "0:18:34"]

1. e4 {(00:00} c5 {(00:00} 2. c3 {(00:00} Nc6 {(
00:00} 3. Nf3 {(00:01} d5 {(02:07} 4. exd5 {(02:02}
Qxd5 {(00:09} 5. d4 {(06:12} Bg4 6. Be2 {(02:53} e6 {
(07:32} 7. O-O {(02:16} Nf6 {(07:10} 8. Be3 {(
10:00} cxd4 {(18:10} 9. Nxd4 {(14:22} Bxe2 {(01:05}
10. Qxe2 {(01:14} Nxd4 {(07:36} 11. Bxd4 {(02:25} Be7 {
(00:35} 12. Rd1 {(03:09} Qh5 {(04:04} 13. Qxh5 {
(12:26} Nxh5 {(00:06} 14. Nd2 {(00:20} Nf4 {(03:
28} 15. Kf1 {(04:16} f6 {(02:34} 16. Nf3 {(06:48} Kf7
{(02:13} 17. c4 {(02:23} Rhd8 {(01:58} 18. g3 {(
01:12} Ng6 {(02:12} 19. a3 {(06:48} b6 {(03:28} 20.
Rd2 {(01:04} Rac8 {(02:31} 21. b3 {(03:34} Nf8 {
(01:16} 22. Bb2 {(02:21} Rxd2 {(04:12} 23. Nxd2 {
(00:08} e5 {(00:33} 24. Rd1 {(00:50} Rd8 {(11:
57} 25. Ke2 {(00:19} Ne6 {(00:56} 26. Ne4 {(01:45}
Rxd1 {(03:01} 27. Kxd1 {(00:09} g5 {(03:09} 28. Nd2 {
(04:45} g4 {(01:12} 29. Ke2 {(01:20} h5 {(00:58]
} 30. b4 {(01:13} Ng5 {(00:59} 31. Ke3 {(01:34} Ke6 {
(01:09} 32. Ne4 {(01:40} Nf7 {(00:24} 33. Kd3 {(
01:31} f5 {(01:23} 34. Nd2 {(00:44} Ng5 {(04:38} 35.
Ke3 {(00:35} Bd6 {(01:24} 36. Ke2 {(02:21} f4 {(
00:59} 37. Bc3 {(01:13} Kf5 {(00:20} 38. Bb2 {(00:38}
Ne4 {(00:47} 39. Ke1 {(00:53} Be7 {(01:15} 40. Ke2 {
(00:00} h4 {(00:00} 41. Nxe4 {(04:22} Kxe4 {(01:
20} 42. Bc3 {(04:02} h3 {(08:10} 43. Bb2 {(06:23} f3+
{(01:47} 44. Kd2 {(02:29} Bg5+ {(00:16} 45. Kd1 {
(02:35} Kd3 {(02:21} 46. Bxe5 {(03:09} Kxc4 {(
01:59} 47. Kc2 {(00:11} Be3 {(01:34} 48. Bd6 {(04:19}
Bxf2 {(00:18} 49. a4 {(00:44} Bd4 {(01:03} 50. Kd1 {
(00:52} Bc3 {(00:17} 51. a5 {(00:10} Kd3 {(00:
25} 52. Bf4 {(01:36} f2 {(00:26} 0-1

[Event "42nd Olympiad Baku 2016 Women"]
[Site "Baku"]
[Date "2016.09.02"]
[Round "1.6"]
[White "Faruq, Afifa Ayyun"]
[Black "Agrest, Inna"]
[Result "0-1"]
[ECO "C44"]
[WhiteElo "1667"]
[BlackElo "2222"]
[PlyCount "79"]
[EventDate "2016.??.??"]
[EventCountry "AZE"]
[WhiteTeam "Indonesien"]
[BlackTeam "Schweden"]
[WhiteTeamCountry "INA"]
[BlackTeamCountry "SWE"]
[TimeControl "40/5400+30:1800+30"]
[WhiteClock "0:00:31"]
[BlackClock "0:04:57"]

1. e4 {(00:11} e5 {(00:00} 2. Nf3 {(00:29} Nc6 {
(00:00} 3. d4 {(00:50} exd4 {(00:00} 4. Nxd4 {(
01:13} Nf6 {(00:06} 5. Nc3 {(02:43} Bb4 {(00:22} 6.
Nxc6 {(01:38} bxc6 {(00:05} 7. Bd3 {(00:50} O-O {
(01:16} 8. O-O {(01:57} Re8 {(05:15} 9. Bg5 {(
06:46} h6 {(05:16} 10. Bh4 {(05:42} Qe7 {(08:48} 11.
Re1 {(05:45} d6 {(13:38} 12. h3 {(02:32} Rb8 {(
03:43} 13. Rb1 {(19:09} Qe5 {(05:22} 14. Bxf6 {(07:20}
Qxf6 {(02:00} 15. Qd2 {(02:34} Be6 {(21:13} 16. a3 {
(03:07} Bc5 {(02:21} 17. Na4 {(09:19} Bd4 {(01:
10} 18. c3 {(01:46} Be5 {(00:42} 19. b4 {(03:11} Bd7 {
(03:51} 20. Rf1 {(07:17} Bf4 {(03:18} 21. Qe2 {(
01:56} Re5 {(01:02} 22. Qf3 {(01:44} Qh4 {(03:22} 23.
Rfd1 {(07:21} Rg5 {(02:22} 24. Kf1 {(01:06} Be5 {
(02:00} 25. Ke2 {(01:54} Rg6 {(02:22} 26. Rf1 {(
01:00} Re8 {(01:37} 27. Kd1 {(02:01} Qg5 {(04:01} 28.
g4 {(01:16} Rf6 {(01:33} 29. Qe2 {(01:11} c5 {(
05:03} 30. b5 {(00:26} c6 {(00:20} 31. c4 {(00:27} Bd4
{(00:18} 32. f3 {(00:09} d5 {(00:23} 33. Kc2 {(
00:36} cxb5 {(00:14} 34. cxb5 {(01:02} c4 {(00:04} 35.
Bxc4 {(00:25} dxc4 {(00:07} 36. Nc3 {(00:21} Bxc3 {
(00:23} 37. Kxc3 {(00:06} Qe5+ {(00:30} 38. Kc2 {
(00:26} Bxb5 {(00:09} 39. Rb4 {(01:13} a5 {(00:
17} 40. Rbb1 0-1

[Event "42nd Olympiad Baku 2016 Women"]
[Site "Baku"]
[Date "2016.09.02"]
[Round "1.6"]
[White "Fernandez, Maria Florencia"]
[Black "Larrea, Daniela"]
[Result "1-0"]
[ECO "A50"]
[WhiteElo "2189"]
[BlackElo "1778"]
[PlyCount "99"]
[EventDate "2016.??.??"]
[EventCountry "AZE"]
[WhiteTeam "Argentinien"]
[BlackTeam "Uruguay"]
[WhiteTeamCountry "ARG"]
[BlackTeamCountry "URU"]
[TimeControl "40/5400+30:1800+30"]
[WhiteClock "0:23:44"]
[BlackClock "0:16:23"]

1. d4 {(00:00} Nf6 {(00:00} 2. c4 {(00:00} Nc6 {
(00:00} 3. Nc3 {(00:25} e5 {(00:08} 4. d5 {(00:
40} Ne7 {(00:16} 5. e4 {(02:06} Ng6 {(00:26} 6. Be3 {
(02:15} Bb4 {(02:15} 7. f3 {(03:35} O-O {(02:30]
} 8. Qc2 {(06:54} d6 {(03:24} 9. Nge2 {(06:52} Nh5 {
(06:11} 10. a3 {(04:53} Bxc3+ {(00:29} 11. Nxc3 {
(00:21} f5 {(03:28} 12. O-O-O {(07:47} f4 {(06:
20} 13. Bf2 {(01:34} b6 {(04:30} 14. Be2 {(00:28} a5 {
(00:55} 15. g4 {(01:29} Nf6 {(00:35} 16. h4 {(
00:18} Nd7 {(12:15} 17. h5 {(00:59} Ne7 {(00:34} 18.
Bh4 {(03:42} Nc5 {(04:50} 19. b4 {(06:18} Nb7 {(
05:17} 20. Nb5 {(04:48} Bd7 {(04:45} 21. Kb2 {(11:45}
Be8 {(05:48} 22. Bf1 {(01:36} Kh8 {(04:40} 23. Bh3 {
(00:24} Kg8 {(04:12} 24. h6 {(03:22} g6 {(01:25]
} 25. Qf2 {(01:40} Rf7 {(08:51} 26. Bg5 {(01:32} Bd7 {
(07:41} 27. Qh4 {(00:50} Bc8 {(06:23} 28. Bf6 {(
01:17} Kf8 {(00:46} 29. g5 {(00:57} Bxh3 {(00:34} 30.
Qxh3 {(00:04} Qc8 {(01:22} 31. Qe6 {(07:45} Nd8 {
(01:49} 32. Qxc8 {(00:22} Rxc8 {(00:05} 33. c5 {
(01:00} Nb7 {(01:16} 34. cxb6 {(01:30} cxb6 {(
00:12} 35. Rc1 {(00:04} Ke8 {(01:13} 36. Bxe7 {(01:19}
Rxc1 {(00:05} 37. Rxc1 {(00:05} Rxe7 {(00:39} 38. Rc6 {
(00:45} axb4 {(00:48} 39. axb4 {(00:05} Rd7 {(
01:19} 40. Rxb6 {(00:00} Ke7 {(00:00} 41. Kb3 {(04:17}
Nd8 {(03:56} 42. Ra6 {(04:36} Nf7 {(02:43} 43. Na7 {
(02:10} Nxg5 {(01:30} 44. b5 {(05:02} Nxf3 {(00:
45} 45. Nc8+ {(08:15} Kd8 {(06:22} 46. Nxd6 {(00:08}
Nd2+ {(02:49} 47. Kc2 {(02:03} Nxe4 {(01:37} 48. Nxe4 {
(00:15} Rxd5 {(00:03} 49. Rd6+ {(02:43} Rxd6 {(
00:06} 50. Nxd6 {(00:01} 1-0

[Event "42nd Olympiad Baku 2016 Women"]
[Site "Baku"]
[Date "2016.09.02"]
[Round "1.28"]
[White "Fisher, Michelle M"]
[Black "Keetman, Maaike"]
[Result "0-1"]
[ECO "B47"]
[WhiteElo "1701"]
[BlackElo "2221"]
[PlyCount "56"]
[EventDate "2016.??.??"]
[EventCountry "AZE"]
[WhiteTeam "Südafrika"]
[BlackTeam "Niederlande"]
[WhiteTeamCountry "RSA"]
[BlackTeamCountry "NED"]
[TimeControl "40/5400+30:1800+30"]
[WhiteClock "0:04:59"]
[BlackClock "0:40:24"]

1. e4 {(00:00} c5 {(00:00} 2. Nf3 {(00:00} e6 {(
00:00} 3. d4 {(00:00} cxd4 {(00:00} 4. Nxd4 {(00:00}
Nc6 {(00:00} 5. Nc3 {(00:00} Qc7 {(00:00} 6. Be2 {
(00:29} a6 {(00:15} 7. O-O {(00:42} Nf6 {(00:27]
} 8. Be3 {(00:27} Bb4 {(05:01} 9. Na4 {(08:04} Be7 {
(00:21} 10. Nxc6 {(00:34} bxc6 {(00:09} 11. Nb6 {
(00:30} Rb8 {(00:04} 12. Nxc8 {(00:28} Qxc8 {(
00:08} 13. Bd4 {(09:12} c5 {(00:23} 14. Be5 {(00:50}
Rb6 {(00:39} 15. f3 {(01:51} d6 {(04:56} 16. Bc3 {
(01:20} O-O {(00:58} 17. b3 {(04:11} d5 {(06:16]
} 18. Ba5 {(09:02} Rc6 {(02:12} 19. e5 {(01:27} Nd7 {
(01:27} 20. f4 {(01:23} f6 {(09:30} 21. Bd3 {(
14:11} fxe5 {(05:39} 22. fxe5 {(03:16} Rxf1+ {(02:46}
23. Kxf1 {(02:27} Nxe5 {(01:20} 24. c4 {(14:36} Qf8+ {
(11:37} 25. Kg1 {(00:32} Qf4 {(02:05} 26. Be2 {(
12:47} dxc4 {(03:51} 27. Bxc4 {(04:09} Ng4 {(02:53}
28. Bc7 {(06:33} Qe3+ {(00:39} 0-1

[Event "42nd Olympiad Baku 2016 Women"]
[Site "Baku"]
[Date "2016.09.02"]
[Round "1.9"]
[White "Foisor, Cristina-Adela"]
[Black "Diaz Cesar, Wilsaida Pieranlly"]
[Result "1-0"]
[ECO "A40"]
[WhiteElo "2353"]
[BlackElo "1889"]
[PlyCount "75"]
[EventDate "2016.??.??"]
[EventCountry "AZE"]
[WhiteTeam "Rumänien"]
[BlackTeam "Dominikanische Republik"]
[WhiteTeamCountry "ROU"]
[BlackTeamCountry "DOM"]
[TimeControl "40/5400+30:1800+30"]
[WhiteClock "0:28:05"]
[BlackClock "0:56:59"]

1. d4 {(00:00} c6 {(00:00} 2. Nf3 {(00:20} Nf6 {
(00:06} 3. e3 {(01:46} d5 {(00:11} 4. Bd3 {(00:
10} Bg4 {(00:27} 5. h3 {(00:22} Bh5 {(00:19} 6. O-O {
(01:45} e6 {(00:11} 7. c4 {(01:18} Be7 {(00:22}
8. Nbd2 {(02:22} Nbd7 {(01:24} 9. b3 {(01:23} O-O {
(01:24} 10. Bb2 {(00:08} Re8 {(02:36} 11. Qc2 {(
02:11} Rc8 {(00:57} 12. Ne5 {(03:08} Nf8 {(03:02} 13.
c5 {(04:40} N6d7 {(03:18} 14. b4 {(02:58} f6 {(
00:12} 15. Nef3 {(05:10} Qc7 {(00:44} 16. Rfe1 {(02:06]
} Bg6 {(04:15} 17. e4 {(03:55} a5 {(04:52} 18. a3 {
(04:56} Bf7 {(04:08} 19. Re3 {(07:51} Ng6 {(00:
36} 20. Rae1 {(02:16} Nf4 {(00:50} 21. exd5 {(05:05}
Nxd3 {(02:15} 22. Qxd3 {(04:35} cxd5 {(00:15} 23. b5 {
(02:28} Nf8 {(00:38} 24. a4 {(00:49} Ng6 {(02:
20} 25. Nb3 {(01:44} Bd8 {(03:31} 26. Bc3 {(04:41} Ra8
{(02:46} 27. Bxa5 {(02:59} Qd7 {(00:21} 28. Bxd8 {
(01:14} Rexd8 {(00:15} 29. a5 {(00:31} Nf4 {(00:
09} 30. Qf1 {(00:32} Ng6 {(01:20} 31. Ra1 {(03:12} Be8
{(01:20} 32. c6 {(00:22} bxc6 {(01:39} 33. Nc5 {
(00:09} Qf7 {(01:15} 34. b6 {(01:02} Rdb8 {(02:
02} 35. Nxe6 {(00:59} Bd7 {(01:08} 36. Nc7 {(00:26}
Bc8 {(00:17} 37. Nxa8 {(01:14} Rxa8 {(00:06} 38. a6 {
(00:08} 1-0

[Event "42nd Olympiad Baku 2016 Women"]
[Site "Baku"]
[Date "2016.09.02"]
[Round "1.22"]
[White "Franciskovic, Borka"]
[Black "Atthaworadej, Worasuda"]
[Result "1-0"]
[ECO "B38"]
[WhiteElo "2267"]
[BlackElo "1748"]
[PlyCount "69"]
[EventDate "2016.??.??"]
[EventCountry "AZE"]
[WhiteTeam "Kroatien"]
[BlackTeam "Thailand"]
[WhiteTeamCountry "CRO"]
[BlackTeamCountry "THA"]
[TimeControl "40/5400+30:1800+30"]
[WhiteClock "0:06:18"]
[BlackClock "0:00:43"]

1. c4 {(00:00} c5 {(00:00} 2. Nf3 {(00:00} g6 {(
00:00} 3. e4 {(01:03} Bg7 {(00:54} 4. d4 {(01:07} cxd4
{(01:39} 5. Nxd4 {(00:12} Nc6 {(00:45} 6. Be3 {(
02:12} Nf6 {(01:14} 7. Nc3 {(01:24} d6 {(01:02} 8. Be2
{(03:31} O-O {(02:33} 9. O-O {(02:00} Bd7 {(04:
13} 10. Nb3 {(02:38} Rc8 {(03:25} 11. h3 {(11:25} Ne5
{(07:48} 12. Nd2 {(05:13} a6 {(07:07} 13. f4 {(
08:47} Nc6 {(04:58} 14. Rc1 {(05:04} Qa5 {(22:46} 15.
Nb3 {(05:53} Qd8 {(05:07} 16. c5 {(10:45} Re8 {(
14:33} 17. Bf3 {(07:06} dxc5 {(05:31} 18. Nxc5 {(04:36]
} b6 {(05:29} 19. Nxd7 {(04:15} Nxd7 {(00:48} 20. e5 {
(01:39} Bh6 {(01:53} 21. Qe2 {(03:09} Qc7 {(03:
13} 22. Nd5 {(04:00} Qb8 {(01:39} 23. Nxb6 {(03:05}
Nxb6 {(01:09} 24. Bxc6 {(00:38} Red8 {(00:20} 25. Qxa6
{(02:18} Nd5 {(00:46} 26. Bxd5 {(00:36} Rxc1 {(
00:24} 27. Rxc1 {(01:01} Qxb2 {(01:39} 28. Rc8 {(01:43]
} Rxc8 {(00:48} 29. Qxc8+ {(00:03} Kg7 {(00:30} 30. Qc4
{(01:00} Qb1+ {(00:48} 31. Kh2 {(00:37} Qf5 {(
00:34} 32. a4 {(00:49} e6 {(01:18} 33. Bf3 {(01:19}
Qb1 {(00:39} 34. Qc3 {(01:26} Qb8 {(00:45} 35. a5 {
(00:38} 1-0

[Event "42nd Olympiad Baku 2016 Women"]
[Site "Baku"]
[Date "2016.09.02"]
[Round "1.23"]
[White "Fredericia, Louise"]
[Black "Terubea, Cydel"]
[Result "1-0"]
[ECO "C50"]
[WhiteElo "2117"]
[BlackElo "1363"]
[PlyCount "97"]
[EventDate "2016.??.??"]
[EventCountry "AZE"]
[WhiteTeam "Dänemark"]
[BlackTeam "Fidschi"]
[WhiteTeamCountry "DEN"]
[BlackTeamCountry "FIJ"]
[TimeControl "40/5400+30:1800+30"]
[WhiteClock "0:43:28"]
[BlackClock "0:21:59"]

1. e4 {(00:00} e5 {(00:00} 2. Nf3 {(00:00} Nc6 {
(00:05} 3. Bc4 {(00:05} Nd4 {(00:19} 4. c3 {(11:
29} Nxf3+ {(00:29} 5. Qxf3 {(00:08} Qf6 {(00:09} 6. d4
{(00:55} Qxf3 {(01:23} 7. gxf3 {(00:10} d6 {(08:
48} 8. f4 {(04:06} Nf6 {(10:25} 9. O-O {(01:43} Be7 {
(05:46} 10. Re1 {(00:32} O-O {(04:07} 11. fxe5 {
(04:28} dxe5 {(00:25} 12. dxe5 {(06:01} Ng4 {(
01:19} 13. f4 {(00:39} Bc5+ {(07:18} 14. Kg2 {(00:14}
Be6 {(00:22} 15. Bxe6 {(12:10} fxe6 {(00:25} 16. b4 {
(02:53} Bb6 {(02:12} 17. a4 {(01:46} a5 {(01:22]
} 18. Ra2 {(01:00} Nf2 {(00:51} 19. Rxf2 {(02:08} Bxf2
{(00:11} 20. Kxf2 {(00:10} axb4 {(00:05} 21. cxb4 {
(02:32} Rxa4 {(00:17} 22. Nc3 {(06:44} Raa8 {(
03:36} 23. Nb5 {(01:48} Rf7 {(00:16} 24. Nd4 {(01:16}
Re8 {(05:16} 25. Kg3 {(03:19} Rd7 {(01:33} 26. Bb2 {
(00:47} g6 {(02:21} 27. h4 {(01:05} h5 {(01:19}
28. Kf3 {(03:00} Kf7 {(05:39} 29. f5 {(02:12} Ke7 {
(21:39} 30. Nxe6 {(06:47} Rd3+ {(03:11} 31. Re3 {
(00:52} Rd1 {(01:28} 32. Nxc7 {(01:26} Rf8 {(03:
42} 33. f6+ {(01:50} Kd7 {(03:11} 34. Nd5 {(03:11} Ke6
{(00:49} 35. Nf4+ {(01:31} Kf7 {(01:37} 36. e6+ {
(01:05} Ke8 {(01:15} 37. Be5 {(03:05} Rf1+ {(00:
57} 38. Ke2 {(00:19} Rxf4 {(00:14} 39. Bxf4 {(00:48}
Rxf6 {(00:19} 40. Bd6 {(00:00} Rxe6 {(00:00} 41. e5 {
(00:31} Kf7 {(08:58} 42. Rc3 {(00:35} Re8 {(03:
30} 43. Rc7+ {(00:19} Ke6 {(00:13} 44. Rxb7 {(03:45}
Kf5 {(02:38} 45. Kf3 {(00:16} Rc8 {(00:58} 46. Rf7+ {
(00:51} Ke6 {(00:09} 47. Rf6+ {(00:05} Kd5 {(00:
20} 48. Rxg6 {(00:11} Rc3+ {(00:35} 49. Kf4 {(00:15}
1-0

[Event "42nd Olympiad Baku 2016 Women"]
[Site "Baku"]
[Date "2016.09.02"]
[Round "1.14"]
[White "Fronda, Jan Jodilyn"]
[Black "Sanchez, Mariana"]
[Result "1-0"]
[ECO "C41"]
[WhiteElo "2128"]
[BlackElo "1813"]
[PlyCount "41"]
[EventDate "2016.??.??"]
[EventCountry "AZE"]
[WhiteTeam "Philippinen"]
[BlackTeam "Argentinien"]
[WhiteTeamCountry "PHI"]
[BlackTeamCountry "ARG"]
[TimeControl "40/5400+30:1800+30"]
[WhiteClock "1:03:45"]
[BlackClock "0:11:20"]

1. e4 {(00:00} e5 {(00:00} 2. Nf3 {(00:00} d6 {(
00:35} 3. d4 {(00:25} exd4 {(00:48} 4. Qxd4 {(00:11}
Nc6 {(01:40} 5. Bb5 {(00:59} Bd7 {(01:56} 6. Bxc6 {
(00:31} Bxc6 {(00:29} 7. Bg5 {(01:04} f6 {(01:
15} 8. Be3 {(00:40} Ne7 {(02:31} 9. Nc3 {(01:00} Ng6 {
(02:13} 10. O-O-O {(00:58} Be7 {(01:28} 11. Qc4 {
(04:15} Qd7 {(02:05} 12. Nd4 {(01:49} Ne5 {(01:
19} 13. Qb3 {(01:07} a6 {(07:43} 14. Ne6 {(02:24} Bd8
{(07:23} 15. f4 {(02:34} Ng6 {(04:55} 16. Rhe1 {
(01:37} b5 {(03:28} 17. e5 {(05:41} a5 {(07:40}
18. exf6 {(05:37} gxf6 {(06:52} 19. Bd4 {(04:45} Qc8 {
(31:37} 20. Nxd8+ {(00:38} Kxd8 {(02:43} 21. Bxf6+ 1-0

[Event "42nd Olympiad Baku 2016 Women"]
[Site "Baku"]
[Date "2016.09.02"]
[Round "1.36"]
[White "Fuchs, Judith"]
[Black "Kaydanovich, Marina"]
[Result "1-0"]
[ECO "C54"]
[WhiteElo "2287"]
[BlackElo "1809"]
[PlyCount "35"]
[EventDate "2016.??.??"]
[EventCountry "AZE"]
[WhiteTeam "Deutschland"]
[BlackTeam "Russland"]
[WhiteTeamCountry "GER"]
[BlackTeamCountry "RUS"]
[TimeControl "40/5400+30:1800+30"]
[WhiteClock "0:38:08"]
[BlackClock "0:53:28"]

1. e4 {(00:00} e5 {(00:00} 2. Nf3 {(00:00} Nc6 {
(00:00} 3. Bc4 {(00:00} Bc5 {(00:17} 4. c3 {(00:
10} Nf6 {(00:20} 5. d3 {(00:17} d6 {(00:21} 6. O-O {
(01:44} O-O {(00:20} 7. Bb3 {(01:14} Bb6 {(01:
20} 8. Nbd2 {(02:03} Be6 {(04:25} 9. Nc4 {(04:21} Bxc4
{(04:21} 10. Bxc4 {(00:22} d5 {(13:44} 11. exd5 {
(06:02} Nxd5 {(00:07} 12. Re1 {(03:10} Qd6 {(04:
05} 13. Qe2 {(16:36} Rfe8 {(07:48} 14. Ng5 {(05:18} h6
{(03:13} 15. Ne4 {(14:25} Qd7 {(01:27} 16. Bxh6 {
(04:27} gxh6 {(02:49} 17. Bxd5 {(00:29} Qxd5 {(
00:25} 18. Nf6+ {(00:14} 1-0

[Event "42nd Olympiad Baku 2016 Women"]
[Site "Baku"]
[Date "2016.09.02"]
[Round "1.8"]
[White "Gaponenko, Inna"]
[Black "Silva, Ana Ines Teixeira D"]
[Result "1-0"]
[ECO "B17"]
[WhiteElo "2416"]
[BlackElo "1855"]
[PlyCount "67"]
[EventDate "2016.??.??"]
[EventCountry "AZE"]
[WhiteTeam "Ukraine"]
[BlackTeam "Portugal"]
[WhiteTeamCountry "UKR"]
[BlackTeamCountry "POR"]
[TimeControl "40/5400+30:1800+30"]
[WhiteClock "0:04:32"]
[BlackClock "0:02:49"]

1. e4 {(00:00} c6 {(00:00} 2. d4 {(00:00} d5 {(
00:00} 3. Nc3 {(00:00} dxe4 {(00:00} 4. Nxe4 {(00:00}
Nd7 {(00:18} 5. Nf3 {(00:17} Ngf6 {(00:48} 6. Ng3 {
(00:14} e6 {(00:34} 7. Bd3 {(00:13} c5 {(00:45}
8. O-O {(00:13} cxd4 {(02:06} 9. Nxd4 {(00:06} Bc5 {
(02:30} 10. Nf3 {(00:14} O-O {(01:56} 11. Qe2 {(
00:30} Qc7 {(05:04} 12. b3 {(06:08} b6 {(06:36} 13. c4
{(05:30} Bb7 {(03:07} 14. Ne4 {(01:55} Nxe4 {(
04:59} 15. Bxe4 {(00:33} Bxe4 {(01:22} 16. Qxe4 {(00:
06} Nf6 {(02:53} 17. Qh4 {(17:47} Qe7 {(15:47} 18. Bb2
{(17:24} Rfd8 {(07:52} 19. Rae1 {(11:26} a5 {(
07:54} 20. Nd4 {(17:40} Qd7 {(06:27} 21. Nb5 {(00:29}
Be7 {(01:39} 22. Bd4 {(02:39} Qc6 {(05:43} 23. Re3 {
(05:05} Rd7 {(13:56} 24. Rg3 {(04:49} Ne8 {(01:
19} 25. Qf4 {(00:17} Bd6 {(03:12} 26. Nxd6 {(01:48}
Qxd6 {(00:11} 27. Be5 {(02:05} Qd2 {(02:53} 28. Qf3 {
(01:07} Rad8 {(01:13} 29. Rxg7+ {(02:22} Nxg7 {(
01:32} 30. Qf6 {(00:03} Kf8 {(00:07} 31. Qxg7+ {(00:05]
} Ke7 {(00:07} 32. Qf6+ {(01:14} Ke8 {(00:48} 33. Qh8+
{(00:05} Ke7 {(00:03} 34. Bf6+ {(00:04} 1-0

[Event "42nd Olympiad Baku 2016 Women"]
[Site "Baku"]
[Date "2016.09.02"]
[Round "1.8"]
[White "Gara, Anita"]
[Black "Tuzi, Bruna"]
[Result "1-0"]
[ECO "B30"]
[WhiteElo "2355"]
[BlackElo "1807"]
[PlyCount "71"]
[EventDate "2016.??.??"]
[EventCountry "AZE"]
[WhiteTeam "Ungarn"]
[BlackTeam "Albanien"]
[WhiteTeamCountry "HUN"]
[BlackTeamCountry "ALB"]
[TimeControl "40/5400+30:1800+30"]
[WhiteClock "0:10:57"]
[BlackClock "0:01:31"]

1. e4 {(00:00} c5 {(00:00} 2. Nf3 {(00:00} Nc6 {
(00:15} 3. Bb5 {(00:20} Nd4 {(01:41} 4. Nxd4 {(
03:50} cxd4 {(00:07} 5. O-O {(00:34} g6 {(04:01} 6.
Bc4 {(04:19} Bg7 {(03:44} 7. d3 {(05:13} d6 {(
01:42} 8. c3 {(05:03} Qb6 {(04:54} 9. Qa4+ {(04:21}
Bd7 {(01:25} 10. Bxf7+ {(01:28} Kxf7 {(01:44} 11. Qxd7
{(00:06} Qc6 {(00:25} 12. Qh3 {(02:48} dxc3 {(
06:16} 13. Qf3+ {(02:32} Ke8 {(02:46} 14. Nxc3 {(00:14]
} Bxc3 {(01:06} 15. bxc3 {(00:08} Nf6 {(22:57} 16. Bh6
{(03:05} Qxc3 {(09:48} 17. Rac1 {(02:45} Qe5 {(
04:00} 18. Rc7 {(01:48} Kf7 {(08:04} 19. Bf4 {(05:36}
Qe6 {(00:34} 20. Rxb7 {(03:19} Rhb8 {(02:31} 21. Rxb8 {
(07:42} Rxb8 {(00:06} 22. h3 {(03:56} Qxa2 {(04:
22} 23. g4 {(04:12} e5 {(10:08} 24. Bh6 {(05:57} Ke7 {
(03:49} 25. Bg5 {(00:59} Qf7 {(01:38} 26. Rc1 {(
00:27} Ke6 {(02:11} 27. Rc6 {(12:19} Ne8 {(01:13} 28.
Qe2 {(03:54} Qb7 {(00:12} 29. Qa2+ {(01:43} Qb3 {
(00:56} 30. Qxa7 {(02:45} Rb7 {(00:52} 31. Qa6 {
(00:26} Qd1+ {(01:02} 32. Kg2 {(00:24} Qb3 {(00:
37} 33. Rc8 {(02:54} Nf6 {(00:44} 34. Bxf6 {(01:08}
Kxf6 {(00:02} 35. Qxd6+ {(00:12} Qe6 {(00:07} 36. g5+ {
(00:36} 1-0